 Dungeon Crawl Stone Soup version 0.27-a0-1548-gf8a67e7463 (webtiles) character file.

Game seed: 16244378697011371146

2392 dolemite99 the Slicer (level 9, -2/66 HPs)
             Began as a Demonspawn Gladiator on July 14, 2021.
             Slain by a killer bee (4 damage)
             ... on level 7 of the Dungeon.
             The game lasted 00:09:39 (9795 turns).

dolemite99 the Slicer (Demonspawn Gladiator)        Turns: 9795, Time: 00:09:39

Health: -2/66      AC:  7    Str: 18    XL:     9   Next: 22%
Magic:  9/9        EV:  9    Int: 10    God:
Gold:   63         SH:  3    Dex: 14    Spells: 8/8 levels left

rFire    . . .     SeeInvis .   b - +1 short sword (venom)
rCold    . . .     Faith    .   E - +0 buckler
rNeg     . . .     Spirit   .   y - +1 scale mail
rPois    .         Reflect  .   (helmet restricted)
rElec    .         Harm     .   (no cloak)
rCorr    .         Rampage  .   (no gloves)
Will     .....                  (no boots)
Stlth    ..........             (no amulet)
HPRegen  0.21/turn              (no ring)
MPRegen  0.22/turn              (no ring)

@: lethally poisoned (-2 -> -7)
A: claws 1, horns 2, talons 2, magic regeneration
a: no special abilities


You were on level 7 of the Dungeon.
You visited 1 branch of the dungeon, and saw 7 of its levels.

You collected 335 gold pieces.
You spent 272 gold pieces at shops.

Inventory:

Hand Weapons
 a - a +0 trident
 b - a +1 short sword of venom (weapon)
 p - a +0 hunting sling
 r - a +0 hunting sling
Missiles
 d - 3 throwing nets
 f - 102 stones
 q - a poisoned dart (quivered)
 s - 100 arrows
 F - 26 bolts
Armour
 y - a +1 scale mail (worn)
 E - a +0 buckler (worn)
Jewellery
 c - a ring of poison resistance
 h - a ring of willpower
 i - a ring of fire
Wands
 e - a wand of polymorph (3)
 D - a wand of iceblast (12)
Scrolls
 j - a scroll of silence
 l - a scroll of blinking {unknown}
 t - a scroll of immolation
 v - a scroll of noise
 w - a scroll of brand weapon {unknown}
 x - 2 scrolls of amnesia {unknown}
 A - a scroll of fog {unknown}
Potions
 g - a potion of resistance {unknown}
 k - a potion of might {unknown}
 m - a potion of invisibility {unknown}
 n - a potion of lignification {unknown}
 o - a potion of haste {unknown}
 u - a potion of brilliance {unknown}
 z - a potion of attraction {unknown}
 C - a potion of mutation {unknown}


   Skills:
 - Level 4.6 Fighting
 - Level 10.2 Short Blades
 - Level 2.7 Polearms
 - Level 1.7 Throwing
 + Level 2.3 Armour
 - Level 2.6 Dodging


You had 8 spell levels left.
You didn't know any spells.
Your spell library contained the following spells:

 Spells                   Type           Power      Damage    Failure   Level
 Animate Skeleton         Necr           0%         N/A       90%         1
 Apportation              Tloc           0%         N/A       90%         1
 Corona                   Hex            0%         N/A       90%         1
 Magic Dart               Conj           0%         1d3       90%         1
 Summon Small Mammal      Summ           0%         N/A       90%         1
 Call Imp                 Summ           0%         N/A       97%         2
 Call Canine Familiar     Summ           0%         N/A       99%         3
 Mephitic Cloud           Conj/Pois/Air  0%         N/A       99%         3
 Portal Projectile        Hex/Tloc       0%         N/A       99%         3
 Leda's Liquefaction      Hex/Erth       0%         N/A       100%        4
 Fireball                 Conj/Fire      0%         3d3       100%        5
 Iskenderun's Battlesphe  Conj           0%         2d6       100%        5
 Conjure Ball Lightning   Conj/Air       0%         3x3d6     100%        6
 Orb of Destruction       Conj           0%         N/A       100%        7


Dungeon Overview and Level Annotations

Branches:
Dungeon (7/15)             Temple (0/1) D:7

Altars:
Trog

Shops:
D:5 *

Portals:
Abyss: D:4

Annotations:
D:4 1 transporter, robertstho's ghost, amateur DjFE
D:5 exclusion: door
D:7 Pikel


Innate Abilities, Weirdness & Mutations

You have sharp fingernails.
You have a pair of horns on your head.
You have razor-sharp toenails.
You regenerate magic rapidly.


Message History

You feel sick. The killer bee stings you.
* * * LOW HITPOINT WARNING * * *
You hit the killer bee.
The killer bee is poisoned.
You claw the killer bee, but do no damage.
The killer bee is lightly wounded.
The killer bee barely misses you.
The killer bee buzzes angrily.
You hit the killer bee.
The killer bee looks as sick as possible!
Your kick misses the killer bee.
The killer bee is moderately wounded.
You feel sick. The killer bee completely misses you.
The killer bee closely misses you. You block the killer bee's attack.
You hit the killer bee.
You kill the killer bee!
You feel sick.
The killer bee stings you but does no damage.
Really read the scroll of immolation?
As you read the scroll of immolation, it crumbles to dust.
The creatures around you are filled with an inner flame!
You feel sick.
You are no longer poisoned.
The killer bee barely misses you. x2; The killer bee stings you.
* * * LOW HITPOINT WARNING * * *
You are lethally poisoned!
The killer bee poisons you! The killer bee barely misses you.
You completely miss the killer bee. Your kick misses the killer bee.
* * * LOW HITPOINT WARNING * * *
You feel sick. You block the killer bee's attack.
The killer bee stings you but does no damage.
The killer bee closely misses you.
You hit the killer bee but do no damage.
The killer bee is poisoned.
Your kick misses the killer bee.
* * * LOW HITPOINT WARNING * * *
You feel sick.
Flame seeps out of the killer bee.
The killer bee is engulfed in blazing flames.
Flame seeps out of the killer bee.
The killer bee barely misses you. x2
The killer bee is engulfed in blazing flames.
Flame seeps out of the killer bee.
The killer bee stings you.
You die...

#... #.....#.#
#####..# .. #
#.....#.# ....#..#
⌠.# #.....#.#
....#.)###...#####
####.##†#
....(yyy.........#
#.##.#
....#yy.y(.>..⌠..#
#†.#.#
#####......... y.#
##.#.# #..###y..#
#.# #...# #..#
#.⌠.# #@#### ##..#
#..# #...###yy..#
###..## ####
#........# #...>..
#........# #......
#........# #......
########## #......
#...... #......
#......


You could see 3 killer bees.

Vanquished Creatures
  Prince Ribbit (D:7)
  2 hogs (D:7)
  3 water moccasins (D:5)
  An ice beast (D:7)
  A swamp drake (D:7)
  A sky beast (D:6)
  A necrophage (D:5)
  An ogre (D:5)
  A centaur (D:7)
  A phantom (D:5)
  Blork the orc (D:4)
  2 wyvern zombies
  6 killer bees (D:7)
  A centaur zombie (D:5)
  3 hounds
  A centaur skeleton (D:6)
  A gnoll shaman (D:4)
  Natasha (twice) (D:4)
  An iguana (D:7)
  2 orc wizards (D:3)
  A hound zombie (D:5)
  2 hound skeletons (D:4)
  2 howler monkey zombies
  8 gnolls
  4 adders
  A shadow imp (D:5)
  A white imp (D:5)
  2 worms (D:4)
  3 dart slugs
  9 orcs
  7 bats
  7 endoplasms
  5 giant cockroaches
  6 goblins (D:1)
  5 hobgoblins
  3 jackals (D:2)
  4 quokkas
  6 ball pythons
  3 frilled lizards
  11 kobolds
  6 rats
129 creatures vanquished.

Notes
Turn   | Place    | Note
-------+----------+-------------------------------------------
     0 | D:1      | dolemite99 the Demonspawn Gladiator began the quest for the
                  | Orb.
     0 | D:1      | Reached XP level 1. HP: 16/16 MP: 1/1
   188 | D:1      | Reached skill level 1 in Short Blades
   216 | D:1      | Gained mutation: You have a pair of small horns on your
                  | head. [demonic ancestry]
   216 | D:1      | Reached XP level 2. HP: 19/22 MP: 2/2
   441 | D:1      | Reached skill level 2 in Short Blades
   660 | D:1      | Reached XP level 3. HP: 27/27 MP: 3/3
  1405 | D:2      | Reached skill level 3 in Short Blades
  1658 | D:2      | Gained mutation: You have sharp toenails. [demonic
                  | ancestry]
  1658 | D:2      | Reached XP level 4. HP: 27/33 MP: 4/4
  2019 | D:3      | Reached skill level 4 in Short Blades
  2438 | D:3      | Gained mutation: You regenerate magic rapidly. [demonic
                  | ancestry]
  2438 | D:3      | Reached XP level 5. HP: 38/38 MP: 5/5
  2660 | D:3      | You fall into a shaft and drop 1 floor!
  3472 | D:4      | Noticed Blork the orc
  3833 | D:4      | Found a transporter.
  3847 | D:4      | Reached skill level 5 in Short Blades
  3879 | D:4      | Killed Blork the orc
  3880 | D:4      | Gained mutation: You have a pair of horns on your head.
                  | [demonic ancestry]
  3880 | D:4      | Reached XP level 6. HP: 31/44 MP: 6/6
  4001 | D:4      | Found a one-way gate to the infinite horrors of the Abyss.
  4001 | D:4      | Noticed robertstho's ghost (amateur DjFE)
  4551 | D:4      | Noticed Natasha
  4559 | D:4      | Killed Natasha
  4560 | D:4      | Reached skill level 6 in Short Blades
  4781 | D:4      | Noticed Natasha
  4791 | D:4      | Killed Natasha
  5565 | D:4      | Gained mutation: You have razor-sharp toenails. [demonic
                  | ancestry]
  5565 | D:4      | Reached XP level 7. HP: 39/50 MP: 7/7
  5723 | D:5      | Entered Level 5 of the Dungeon
  6136 | D:5      | Found Saeskiem's Assorted Antiques.
  6144 | D:5      | Bought a granite ring for 85 gold pieces
  6144 | D:5      | Bought a scroll labelled BYZXIU HODAHA for 17 gold pieces
  6157 | D:5      | Reached skill level 7 in Short Blades
  6896 | D:5      | Reached skill level 8 in Short Blades
  7447 | D:5      | Reached XP level 8. HP: 56/56 MP: 8/8
  7591 | D:6      | Reached skill level 9 in Short Blades
  8002 | D:6      | Found a bloodstained altar of Trog.
  8164 | D:7      | Noticed Prince Ribbit
  8179 | D:7      | Killed Prince Ribbit
  8273 | D:7      | Reached skill level 10 in Short Blades
  9034 | D:7      | Gained mutation: You have sharp fingernails. [demonic
                  | ancestry]
  9034 | D:7      | Reached XP level 9. HP: 17/64 MP: 9/9
  9066 | D:7      | Noticed Pikel
  9608 | D:5      | Bought a potion of heal wounds for 85 gold pieces
  9608 | D:5      | Bought a potion of heal wounds for 85 gold pieces
  9766 | D:7      | Reached skill level 1 in Armour
  9773 | D:7      | Found a staircase to the Ecumenical Temple.
  9794 | D:7      | HP: 3/66 [poisoned by a killer bee]
  9795 | D:7      | Slain by a killer bee

Illustrated notes

Levels and vault maps discovered:
D:1:      mrwooster_arrival_statue, layout_rooms
D:2:      layout_rooms, grunt_ministairs_6
D:3:      layout_loops_cross
D:4:      layout_layer_cave, gammafunk_ghost_abyssal_escape, kennysheep_path_1,
          uniq_natasha, uniq_blork_the_orc
D:5:      layout_basic, serial_shops,
          nicolae_shop_temple_entry_statues_fountains
D:6:      layout_gridville, trog_book
D:7:      layout_basic, minmay_temple_entry_junction, grunt_livestock,
          uniq_pikel, uniq_prince_ribbit1

Skill      XL: |  1  2  3  4  5  6  7  8  9 |
---------------+----------------------------+-----
Short Blades   | 1 2 3 4 5 6 8 10 | 10.2
Fighting       | 3 4 |  4.6
Armour         | 2 |  2.3
Polearms       | |  2.7
Throwing       | |  1.7
Dodging        | |  2.6

Action                   |  1- 3 |  4- 6 |  7- 9 || total
-------------------------+-------+-------+-------++-------
Melee: Short sword       |    98 |   149 |   163 ||   410
       Trident           |     4 |       |       ||     4
       Headbutt          |    16 |    27 |    39 ||    82
       Kick              |       |    42 |    54 ||    96
Throw: Dart              |    16 |    90 |    38 ||   144
       Throwing net      |       |     2 |     2 ||     4
       Stone             |       |       |    10 ||    10
Evoke: Wand              |       |       |     3 ||     3
  Use: Scroll            |       |     3 |    13 ||    16
       Potion            |       |     1 |     5 ||     6
 Stab: Held in net/web   |       |     1 |       ||     1
Armor: Ring mail         |    48 |    13 |       ||    61
       Leather armour    |     4 |       |       ||     4
       Scale mail        |       |    20 |    63 ||    83
Dodge: Dodged            |    58 |    65 |   113 ||   236
Block: Buckler           |       |       |    10 ||    10

Table legend: (Time is in decaauts)
 A = Elapsed time spent in this place.
 B = Non-inter-level travel time spent in this place.
 C = Inter-level travel time spent in this place.
 D = Time resting spent in this place.
 E = Time spent auto-exploring this place.
 F = Levels seen in this place.
 G = Mean time per level.
                   A        B        C        D        E       F      G
               +--------+--------+--------+--------+--------+-----+--------+
         Total |   9727 |   9366 |    361 |   3466 |   4398 |   7 | 1389.6 |
       Dungeon |   9727 |   9366 |    361 |   3466 |   4398 |   7 | 1389.6 |
               +--------+--------+--------+--------+--------+-----+--------+

Top non-repeatable levels by time:
     D:4: 2567 daAuts
     D:5: 1902 daAuts
     D:7: 1615 daAuts
     D:3: 1218 daAuts
     D:2: 1077 daAuts
     D:1: 843 daAuts
     D:6: 503 daAuts
